AoeStats
← Gorlami

Lombardia

508116714Analyzed
4v4 RM · 10d ago on Sep 21, 2026· 62m 56s· 8 players
Game mode
Random Map
Map size
Large (8 player)
Population
200
Speed
Normal
Resources
Standard
Victory
Conquest
Starting age
Dark Age
Ending age
Imperial Age
RankedLock teamsTeams togetherTeam positionsShared explorationLock speedFull tech treeHidden civsTurbo modeCheats
Victory
Defeat
🇧🇷 Byzantines · Brazil
1722
+15
🇨🇦 Celts · Canada
1652
+18
🇧🇴 Jurchens · Bolivia
1641
+18
🇲🇽 Turks · Mexico
1599
+20
🇦🇷 Georgians · Argentina
1786
-22
🇦🇷 Sicilians · Argentina
1729
-19
🇦🇷 Lithuanians · Argentina
1649
-16
🇦🇷 Bengalis · Argentina
1600
-14
Mafioso_
6:40 Loom
9:29 Feudal Age
10:12 Double-Bit Axe
19:01 Castle Age
16:47 Horse Collar
16:58 Gold Mining
17:32 Gold Mining
20:25 Wheelbarrow
20:01 Bow Saw
29:51 Imperial Age
27:34 Scale Barding Armor
27:23 Stone Mining
28:20 Forging
29:55 Heavy Camel Rider
32:46 Chemistry
32:27 Conscription
33:13 Hand Cart
33:11 Husbandry
34:01 Chain Barding Armor
34:12 Conscription
34:55 Elite Cataphract
36:50 Plate Barding Armor
37:08 Iron Casting
37:08 Heavy Plow
38:06 Stone Shaft Mining
37:52 Scale Mail Armor
37:25 Elite Skirmisher
39:11 Fletching
40:41 Bodkin Arrow
40:47 Padded Archer Armor
41:20 Ballistics
41:38 Caravan
43:36 Bracer
43:51 Leather Archer Armor
43:18 Treadmill Crane
44:50 Chain Mail Armor
45:17 Logistica
46:11 Ring Archer Armor
46:46 Squires
49:58 Light Cavalry
50:49 Pikeman
54:07 Plate Mail Armor
54:40 Capped Ram
54:44 Halberdier
55:39 Gambesons
55:39 Arson
57:33 Bombard Tower
56:53 Siege Ram
60:40 Hussar
63:48 Coinage
Josh
7:32 Loom
9:36 Feudal Age
11:00 Double-Bit Axe
11:35 Horse Collar
17:36 Wheelbarrow
18:23 Stone Mining
20:41 Castle Age
19:15 Fletching
20:02 Padded Archer Armor
21:14 Bloodlines
21:04 Gold Mining
21:25 Bodkin Arrow
22:30 Bow Saw
24:53 Sipahi
25:03 Ballistics
25:54 Thumb Ring
26:35 Husbandry
28:38 Leather Archer Armor
30:30 Gold Shaft Mining
36:32 Imperial Age
36:46 Heavy Cavalry Archer
37:44 Bracer
39:22 Parthian Tactics
39:30 Ring Archer Armor
41:00 Two-Man Saw
41:23 Hand Cart
44:10 Caravan
44:12 Stone Mining
46:01 Scale Barding Armor
46:07 Forging
45:59 Town Watch
47:05 Chain Barding Armor
48:44 Artillery
49:05 Conscription
49:16 Conscription
50:00 Plate Barding Armor
50:01 Iron Casting
50:43 Bombard Tower
50:25 Treadmill Crane
50:40 Murder Holes
53:03 Blast Furnace
56:33 Masonry
到
8:33 Feudal Age
7:34 Loom
9:03 Double-Bit Axe
9:29 Horse Collar
18:48 Castle Age
20:16 Bow Saw
20:06 Heavy Plow
21:07 Wheelbarrow
26:13 Hand Cart
29:19 Scale Barding Armor
32:06 Imperial Age
30:10 Bloodlines
30:28 Husbandry
30:19 Gold Mining
32:16 Town Watch
32:54 Chain Barding Armor
33:02 Elite Steppe Lancer
35:12 Plate Barding Armor
34:47 Forging
34:22 Heavy Rocket Cart
35:14 Scale Mail Armor
35:15 Squires
35:01 Arson
34:36 Elite Fire Lancer
36:18 Iron Casting
37:53 Chain Mail Armor
38:39 Blast Furnace
37:58 Fletching
39:37 Bodkin Arrow
39:49 Light Cavalry
42:19 Two-Man Saw
42:49 Chemistry
41:15 Hussar
42:38 Conscription
42:41 Caravan
43:16 Bracer
43:38 Ballistics
43:26 Siege Engineers
44:41 Pikeman
46:07 Halberdier
47:42 Capped Ram
48:53 Siege Ram
50:27 Fortified Bastions
53:26 Masonry
53:12 Murder Holes
53:37 Ballistics
59:46 Treadmill Crane
60:36 Architecture
Aron
12:52 Loom
17:05 Feudal Age
17:38 Double-Bit Axe
20:52 Castle Age
19:02 Horse Collar
21:49 Bow Saw
21:51 Heavy Plow
22:27 Town Watch
24:09 Wheelbarrow
29:56 Hand Cart
30:18 Hand Cart
30:06 Gold Mining
30:06 Stone Mining
34:35 Imperial Age
33:43 Forging
34:01 Scale Mail Armor
35:29 Iron Casting
35:29 Caravan
36:01 Chain Mail Armor
35:08 Elite Woad Raider
36:09 Conscription
35:38 Arson
37:56 Blast Furnace
37:04 Town Patrol
38:34 Plate Mail Armor
38:44 Fletching
39:58 Chemistry
39:19 Ballistics
40:30 Pikeman
42:37 Fortified Wall
42:07 Halberdier
42:11 Capped Ram
42:13 Onager
42:14 Heavy Scorpion
43:28 Masonry
42:59 Treadmill Crane
45:03 Siege Ram
47:01 Bodkin Arrow
50:55 Stronghold
52:14 Hoardings
54:02 Siege Onager
Kant be real
6:28 Loom
8:41 Feudal Age
10:33 Wheelbarrow
23:49 Castle Age
23:46 Bloodlines
23:42 Scale Barding Armor
23:30 Horse Collar
23:36 Double-Bit Axe
24:46 Bow Saw
26:36 Forging
28:27 Husbandry
31:44 Iron Casting
36:49 Heavy Plow
42:38 Imperial Age
40:44 Wheelbarrow
42:33 Chain Barding Armor
43:00 Cavalier
44:37 Plate Barding Armor
48:49 Chemistry
48:56 Paladin
51:31 Two-Man Saw
51:10 Crop Rotation
50:56 Hand Cart
51:16 Caravan
MUERE CACA
8:41 Loom
11:12 Feudal Age
15:06 Castle Age
14:21 Double-Bit Axe
16:02 Bow Saw
21:02 Horse Collar
22:17 Husbandry
24:10 Wheelbarrow
26:41 Hand Cart
27:00 Gold Mining
29:52 Bloodlines
30:07 Scale Barding Armor
32:46 Imperial Age
30:20 Heavy Plow
32:08 Chain Barding Armor
31:59 Forging
32:48 Gold Shaft Mining
32:04 Stone Mining
34:23 Plate Barding Armor
33:11 Cavalier
34:20 Hauberk
35:45 Caravan
37:55 Iron Casting
40:00 Blast Furnace
39:29 Fletching
40:23 Crop Rotation
42:18 Bodkin Arrow
43:26 Chemistry
42:46 Ballistics
44:54 Coinage
45:34 Masonry
45:37 Town Watch
46:06 Capped Ram
47:03 Siege Ram
48:29 Bracer
48:30 Scale Mail Armor
52:08 Chain Mail Armor
52:31 Conscription
52:15 Arrowslits
53:07 Elite Serjeant
54:29 First Crusade
54:25 Siege Engineers
56:19 Onager
Gorlami
7:26 Loom
10:53 Feudal Age
14:59 Castle Age
13:01 Double-Bit Axe
13:47 Horse Collar
16:38 Bow Saw
20:42 Wheelbarrow
22:09 Heavy Plow
25:10 Stone Mining
25:10 Gold Mining
27:52 Imperial Age
26:04 Scale Mail Armor
26:14 Forging
27:32 Hand Cart
27:06 Town Watch
28:00 Stone Shaft Mining
27:28 Squires
26:56 Pikeman
28:25 Onager
29:46 Treadmill Crane
29:30 Halberdier
31:32 Chain Mail Armor
31:52 Iron Casting
31:35 Fortified Wall
33:44 Guard Tower
33:39 Siege Onager
35:21 Plate Mail Armor
35:27 Ballistics
34:58 Fletching
36:05 Siege Engineers
37:01 Chemistry
37:03 Svan Towers
37:19 Conscription
38:18 Bodkin Arrow
39:01 Bracer
39:53 Block Printing
39:44 Guard Tower
39:40 Arrowslits
40:06 Masonry
43:44 Keep
44:19 Coinage
43:55 Murder Holes
46:00 Caravan
46:30 Banking
46:11 Guilds
58:08 Capped Ram
59:50 Siege Ram
62:39 Architecture
Bill Order
7:12 Loom
11:05 Feudal Age
18:01 Castle Age
15:56 Double-Bit Axe
16:48 Horse Collar
20:05 Bow Saw
22:15 Heavy Plow
27:47 Wheelbarrow
28:36 Gold Mining
30:41 Stone Mining
35:07 Imperial Age
32:41 Fletching
33:33 Hand Cart
33:21 Bodkin Arrow
34:33 Ballistics
34:16 Padded Archer Armor
36:08 Bracer
37:10 Chemistry
36:43 Bloodlines
36:34 Husbandry
36:12 Elite Elephant Archer
37:12 Leather Archer Armor
37:40 Conscription
39:30 Ring Archer Armor
40:49 Two-Man Saw
42:47 Paiks
43:57 Mahayana
43:06 Siege Elephant
43:55 Caravan
45:12 Gold Shaft Mining
45:48 Scale Barding Armor
45:15 Light Cavalry
47:35 Chain Barding Armor
47:54 Forging
48:48 Crop Rotation
49:39 Plate Barding Armor
49:26 Town Watch
51:07 Masonry
50:37 Treadmill Crane
52:20 Iron Casting
53:59 Architecture
55:18 Elite Skirmisher
Connection lost

Rejoining the realm…

Still unreachable

The connection could not be restored.

Session expired

The server has moved on; the page needs a fresh start.